 Dungeon Crawl Stone Soup version 0.30-a0-715-gdb4ae3ece1 (webtiles) character file.

Game seed: 14745434462583770452

279 MackTheKnife the Trooper (level 6, -1/55 HPs)
             Began as a Formicid Wanderer on Jan 23, 2023.
             Slain by an orc
             ... wielding a +0 flail
              (5 damage)
             ... on level 3 of the Dungeon.
             The game lasted 00:04:27 (2695 turns).

MackTheKnife the Trooper (Formicid Wanderer)        Turns: 2695, Time: 00:04:27

Health: -1/55      AC: 10    Str: 17 (19) XL:     6   Next: 52%
Magic:  7/7        EV:  4    Int: 10 (12) God:
Gold:   160        SH:  0    Dex:  9 (12) Spells: 7/7 levels left

rFire   . . .      SeeInvis +      - Unarmed
rCold   + . .      Faith    .    (no shield)
rNeg    . . .      Spirit   .    l - +0 plate armour {rC+}
rPois   .          Reflect  .    (helmet unavailable)
rElec   .          Harm     .    (no cloak)
rCorr   .          Rampage  .    (no gloves)
Will    .....                    (no boots) Stlth
                                 u - amulet of regeneration {@e2}
HPRegen 1.09/turn                (no ring)
MPRegen 0.10/turn                (no ring)

@: no status effects
A: permanent stasis, dig shafts and tunnels, antennae 3, four strong arms
a: Dig, Shaft Self


You were on level 3 of the Dungeon.
You visited 1 branch of the dungeon, and saw 3 of its levels.

You collected 160 gold pieces.


Innate Abilities, Weirdness & Mutations

You cannot be hasted, slowed, berserked, paralysed or teleported.
You can dig through walls and to a lower floor.
You have a pair of large antennae on your head. (SInv)
Your four strong arms can wield two-handed weapons with a shield.


   Skills:
 + Level 7.1 Fighting
 - Level 4.5 Unarmed Combat
 - Level 1.1 Spellcasting
 - Level 2.6 Poison Magic


You had 7 spell levels left.
You didn't know any spells.
Your spell library contained the following spells:

 Spells                   Type           Power      Damage    Failure   Level
 Cigotuvi's Dreadful Rot  Necr/Pois/Air  4%         N/A       100%        2
 Poisonous Vapours        Pois/Air       6%         N/A       100%        2
 Gell's Gravitas          Tloc           0%         N/A       100%        3
 Teleport Other           Tloc           0%         N/A       100%        3
 Passage of Golubria      Tloc           0%         N/A       100%        4
 Silence                  Hex/Air        0%         N/A       100%        5
 Dispersal                Tloc           0%         N/A       100%        6
 Lehudib's Crystal Spear  Conj/Erth      0%         10d2      100%        8

Inventory:

Missiles
 g - 5 poisoned darts {throwing}
Armour
 b - a +0 ring mail
   (You took it off an orc on level 3 of the Dungeon)
 e - a +0 leather armour
 i - a +0 chain mail
   (You found it on level 1 of the Dungeon)
 l - a +0 plate armour of cold resistance (worn)
   (You found it on level 1 of the Dungeon)
 n - a +0 robe
   (You found it on level 1 of the Dungeon)
 o - a +0 leather armour
   (You found it on level 2 of the Dungeon)
 t - a +0 leather armour
   (You found it on level 2 of the Dungeon)
 v - a +0 robe
   (You found it on level 2 of the Dungeon)
 y - a +0 scale mail
   (You took it off an orc on level 3 of the Dungeon)
 z - a +0 chain mail
   (You took it off an orc on level 3 of the Dungeon)
 A - a +0 leather armour
   (You took it off a gnoll bouda on level 3 of the Dungeon)
 C - a +0 chain mail
   (You found it on level 3 of the Dungeon)
 D - a +0 leather armour
   (You found it on level 3 of the Dungeon)
 F - a +0 robe
   (You found it on level 3 of the Dungeon)
Jewellery
 u - an amulet of regeneration (around neck) {@e2}
   (You found it on level 2 of the Dungeon)
Scrolls
 h - 2 scrolls of poison {unknown}
 j - 3 scrolls of identify {unknown}
 k - a scroll of amnesia {unknown}
 q - a scroll of immolation {!r!r}
 r - a scroll of enchant weapon {unknown}
 w - 2 scrolls of blinking {unknown}
 G - a scroll of torment {unknown}
Potions
 a - a potion of lignification {unknown}
 c - 4 potions of attraction {!q}
 f - a potion of brilliance
 m - 2 potions of heal wounds {unknown}
 p - a potion of flight {unknown}
 s - a potion of haste {unknown}
 x - a potion of degeneration {!q@e2}
 B - 2 potions of curing {unknown}
 E - a potion of cancellation

Dungeon Overview and Level Annotations

Branches:
Dungeon (3/15) Zot: 15330

Altars:
Qazlal
Sif Muna
The Shining One { ..#'###≈~... ..#.#.~≈≈... { #.≈≈~... #.~≈≈).. #.~~~... {{{{{

#.~≈~..P #####################
#.≈≈≈...
...#....#.....og....#.#.~≈~...
...'....'....@g..)..'.#.≈≈~...
...#....#....o.g....#'###≈~...
####''''#############...#≈~P..
.......))...........#..g#~~...
~~~~...)~≈~~~~~≈~≈≈~#####≈~...
≈≈≈~....≈≈≈≈≈≈≈≈≈≈≈≈≈≈≈≈≈≈~...
≈≈~~....~~~~~~~≈{~~~≈~~~~~~...
..............................
..........>........###########


You could see a gnoll bouda, 2 gnolls and 2 orcs.


Message History

There is a huge open gate here.
There is an open door here.
An orc comes into view. It is wielding a +0 flail.
The orc shouts!
The gnoll shouts!
You hear a shout! x3
You hear a shout! x3
The orc barely misses you.
You punch the orc!
You kill the orc!
The gnoll bouda barks out a call to the hunt!
The gnoll picks up the pace!
The gnoll hits you but does no damage.
The gnoll bouda barks out a call to the hunt!
The gnoll hits you with a +0 spear.
Things that are here:
a +0 flail {mace}; 13 gold pieces; 😕 HP[-4]
You take 4 damage, and now have 51/55 hp.
You hit the gnoll but do no damage.
The gnoll hits you but does no damage. 😕 HP[+1]
You barely miss the gnoll.
The gnoll hits you but does no damage. 😕 HP[+1]
You closely miss the gnoll.
A gnoll comes into view.
It is wielding a +0 spear and carrying a wand of quicksilver (5).
The gnoll closely misses you. 😕 HP[+1]
You hit the gnoll bouda but do no damage.
The gnoll barely misses you.
The gnoll bouda hits you with a +0 club. 😕 HP[-5]
You take 5 damage, and now have 49/55 hp.
You barely miss the gnoll bouda. You punch the gnoll bouda.
The gnoll bouda hits you with a +0 club.
The gnoll hits you but does no damage. 😕 HP[-1]
You take 1 damage, and now have 48/55 hp.
You hit the gnoll bouda. The gnoll hits you with a +0 spear.
The gnoll bouda hits you with a +0 club.
The orc hits you but does no damage. 😕 HP[-3]
You take 3 damage, and now have 45/55 hp.
You barely miss the gnoll bouda. The gnoll hits you but does no damage.
The gnoll bouda hits you with a +0 club!
The orc hits you but does no damage. 😮 HP[-8]
You take 8 damage, and now have 37/55 hp.
The gnoll hits you with a +0 spear.
The gnoll hits you but does no damage. 😮 HP[-1]
You take 1 damage, and now have 36/55 hp.
The orc attacks as you move away! The orc hits you but does no damage.
The gnoll barely misses you. 😮 HP[+1]
The gnoll bouda attacks as you move away!
The gnoll bouda hits you but does no damage. 😮 HP[+1]
The gnoll bouda attacks as you move away!
The gnoll bouda hits you with a +0 club!
The gnoll zaps a wand.
The bolt of dispelling energy hits the orc!
The orc dies!
The bolt of dispelling energy hits you!
* * * LOW HITPOINT WARNING * * *
😨 HP[-20]
You take 20 damage, and now have 18/55 hp.
MASSIVE DAMAGE!! (PAUSE)
Press: ? - help, v - describe, . - travel
Here: a gnoll, wielding a +0 spear and carrying a wand of quicksilver (4) (covering ground quickly)
The floor.
You aren't carrying any items that you can evoke.
Unknown command.
Okay, then.
You feel very mighty all of a sudden.
The gnoll bouda hits you with a +0 club.
* * * LOW HITPOINT WARNING * * *
😨 HP[-3]
You take 3 damage, and now have 15/55 hp.
It was a potion of degeneration.
There was something very wrong with that liquid.
You feel weakened.
You feel dopey.
You feel clumsy.
The gnoll hits you from afar with a +0 spear.
* * * LOW HITPOINT WARNING * * *
The gnoll barely misses you.
The gnoll bouda utters an invocation to its god.
The gnoll bouda is healed somewhat.
You punch the gnoll bouda!
The gnoll is no longer moving quickly.
The gnoll hits you from afar with a +0 spear.
* * * LOW HITPOINT WARNING * * *
The gnoll bouda hits you with a +0 club.
* * * LOW HITPOINT WARNING * * *
The gnoll hits you from afar with a +0 spear!
* * * LOW HITPOINT WARNING * * *
😱 HP[-12]
You take 12 damage, and now have 3/55 hp.
MASSIVE DAMAGE!! (PAUSE)
Okay, then.
It was a potion of cancellation.
Your magical effects are unravelling.
You feel magically purged.
You feel a little less mighty now. The gnoll hits you but does no damage.
The orc hits you with a +0 flail.
You die...

Skill      XL: |  1  2  3  4  5  6 |
---------------+-------------------+-----
Fighting       | 4 5 6 7 |  7.1
Unarmed Combat | |  4.5
Spellcasting   | |  1.1
Poison Magic   | |  2.6

Action                     |  1- 3 |  4- 6 || total
---------------------------+-------+-------++-------
  Melee: Unarmed           |   139 |   228 ||   367
         Punch             |     3 |     8 ||    11
Ability: Dig               |       |     1 ||     1
    Use: Potion            |       |     3 ||     3
         Scroll            |       |     2 ||     2
 Armour: Leather armour    |     7 |       ||     7
         Chain mail        |     8 |       ||     8
         Plate armour      |    78 |   167 ||   245
  Dodge: Dodged            |    67 |    77 ||   144

Levels and vault maps discovered:
D:1:      heliophobic_arrival_dark_side_of_the_moon, layout_basic,
          minmay_misc_feat_nine_boxes
D:2:      layout_basic, hellmonk_ecumenical_altar_blasted, basic_altar
D:3:      lemuel_castle_with_subvaults [lemuel_castle_interior_carwin_1],
          layout_basic, mainiacjoe_overflow_two_lobes, serial_curves,
          eino_curves_02, eino_curves_01, fountainhead, minmay_joined_circles

Notes
Turn   | Place    | Note
-------+----------+-------------------------------------------
     0 | D:1      | MackTheKnife the Formicid Wanderer began the quest for the
                  | Orb.
     0 | D:1      | MackTheKnife set off with the following items: a +0 club
                  | {mace}, a scroll of fear, a potion of attraction {!q}, a
                  | potion of might, a +0 leather armour, a potion of
                  | brilliance; and the following spells available to memorise:
                  | Poisonous Vapours, Cigotuvi's Dreadful Rot.
     0 | D:1      | Reached XP level 1. HP: 18/18 MP: 2/2
     0 | D:1      | magus.rc [v1.9.6]
   164 | D:1      | HP: 4/18 [jackal (2)]
   432 | D:1      | You pick up a book of the Moon and begin reading...
   432 | D:1      | You add the spells Passage of Golubria, Silence and
                  | Lehudib's Crystal Spear to your library.
   498 | D:1      | Reached XP level 2. HP: 22/24 MP: 3/3
  1249 | D:2      | You add the spells Gell's Gravitas, Teleport Other and
                  | Dispersal to your library.
  1260 | D:2      | Found a faded altar of an unknown god.
  1279 | D:2      | Reached XP level 3. HP: 25/29 MP: 4/4
  1310 | D:2      | Found a glowing golden altar of the Shining One.
  1478 | D:2      | Reached skill level 4 in Fighting
  1827 | D:3      | Reached XP level 4. HP: 38/38 MP: 5/5
  1936 | D:3      | Reached skill level 5 in Fighting
  1995 | D:3      | Reached XP level 5. HP: 44/44 MP: 6/6
  2020 | D:3      | Reached skill level 6 in Fighting
  2075 | D:3      | Found a stormy altar of Qazlal.
  2105 | D:3      | Found a shimmering blue altar of Sif Muna.
  2160 | D:3      | Reached XP level 6. HP: 53/53 MP: 7/7
  2582 | D:3      | Reached skill level 7 in Fighting
  2694 | D:3      | HP: 13/55 [gnoll/+0 spear (3)]
  2694 | D:3      | HP: 3/55 [gnoll/+0 spear (7)]
  2695 | D:3      | Slain by an orc

Vanquished Creatures
  A scorpion (D:3)
  A howler monkey (D:3)
  A gnoll bouda (D:3)
  4 gnolls (D:3)
  2 adders (D:3)
  A worm (D:3)
  A dart slug (D:2)
  9 orcs (D:3)
  6 endoplasms
  2 goblins (D:3)
  4 hobgoblins
  19 jackals
  6 kobolds
  5 quokkas
  5 ball pythons
  3 bats
  2 frilled lizards
  3 rats
75 creatures vanquished.

Vanquished Creatures (others)
  An orc (D:3)
  2 plants (D:3)
3 creatures vanquished.

Grand Total: 78 creatures vanquished

Table legend:
 A = Non-vault XP
 B = Vault XP
 C = Vault XP percentage of total XP
 D = Non-vault monster count
 E = Vault monster count
 F = Vault count percentage of total count
                 A         B        C        D         E       F
            +---------+---------+-------+---------+---------+-------
      Total |     177 |     222 |  55.6 |      45 |      30 |  40.0
            +---------+---------+-------+---------+---------+-------
        D:1 |      24 |       0 |   0.0 |      14 |       0 |   0.0
        D:2 |      29 |       0 |   0.0 |      16 |       0 |   0.0
        D:3 |     124 |     222 |  64.2 |      15 |      30 |  66.7
            +---------+---------+-------+---------+---------+-------

Illustrated notes

Table legend:
 A = Kills in this place as a percentage of kills in entire the game.
 B = Kills by you in this place as a percentage of kills by you in the entire game.
 C = Kills by friends in this place as a percentage of kills by friends in the entire game.
 D = Other kills in this place as a percentage of other kills in the entire game.
 E = Experience gained in this place as a percentage of experience gained in the entire game.
 F = Experience gained in this place divided by the number of levels of this place that you have seen.
                   A       B       C       D       E      F
               +-------+-------+-------+-------+-------+----------------------
         Total | 100.0 | 100.0 |   N/A |   N/A | 100.0 | 133.0
       Dungeon | 100.0 | 100.0 |   N/A |   N/A | 100.0 | 133.0
               +-------+-------+-------+-------+-------+----------------------

Table legend: (Time is in decaauts)
 A = Elapsed time spent in this place.
 B = Non-inter-level travel time spent in this place.
 C = Inter-level travel time spent in this place.
 D = Time resting spent in this place.
 E = Time spent auto-exploring this place.
 F = Levels seen in this place.
 G = Mean time per level.
                   A        B        C        D        E       F      G
               +--------+--------+--------+--------+--------+-----+--------+
         Total |   2668 |   2634 |     34 |     71 |   1831 |   3 |  889.3 |
       Dungeon |   2668 |   2634 |     34 |     71 |   1831 |   3 |  889.3 |
               +--------+--------+--------+--------+--------+-----+--------+

Top non-repeatable levels by time:
     D:1: 1211 daAuts
     D:3: 899 daAuts
     D:2: 557 daAuts
